 Dungeon Crawl Stone Soup version 0.32-a0-834-geaf45d8e21 (webtiles) character file.

Game seed: 5662670997275577125

25 jasper the Chopper (level 2, 0/26 HPs)
             Began as a Mountain Dwarf Monk on Mar 25, 2024.
             Slain by Ijyb
             ... wielding a +0 club
              (7 damage)
             ... on level 3 of the Dungeon.
             The game lasted 00:01:16 (967 turns).

jasper the Chopper (Mountain Dwarf Monk)             Turns: 967, Time: 00:01:17

Health: 0/26       AC:  2    Str: 13    XL:     2   Next: 82%
Magic:  2/2        EV: 11    Int: 10    God:
Gold:   22         SH:  5    Dex: 12    Spells: 1/1 levels left

rFire   + . .        a - +0 hand axe
rCold   + . .        d - orb {light}
rNeg    . . .        b - +0 robe
rPois   +            (no helmet)
rElec   +            (no cloak)
rCorr   +            (no gloves)
SInv    .            (no boots)
Will    .....        i - amulet of reflection
Stlth   +            (no ring)
HPRegen 0.24/turn    (no ring)
MPRegen 0.08/turn

%: reflection
@: resistant, glowing
A: runic magic, artefact enchanting
a: no special abilities


You were on level 3 of the Dungeon.
You visited 1 branch of the dungeon, and saw 3 of its levels.

You collected 22 gold pieces.

Inventory:

Hand Weapons
 a - a +0 hand axe (weapon)
Missiles
 j - 7 stones (quivered)
Armour
 b - a +0 robe (worn)
 d - an orb of light (worn)
Jewellery
 i - an amulet of reflection (around neck)
Potions
 c - a potion of ambrosia
 g - a potion of might {unknown}
 h - a potion of mutation {unknown}


   Skills:
 - Level 3.2 Fighting
 + Level 5.0 Axes
 - Level 2.1 Dodging


You had one spell level left.
You didn't know any spells.
Your spell library contained the following spells:

 Spells                   Type           Power      Damage    Failure   Level
 Gell's Gravitas          Tloc           0%         N/A       75%         3
 Teleport Other           Tloc           0%         N/A       75%         3
 Dispersal                Tloc           0%         N/A       100%        6


Dungeon Overview and Level Annotations

Branches:
Dungeon (3/15)

Altars:

Shops:
D:1 (

Annotations:
D:2 Sigmund
D:3 2 transporters, Ijyb


Innate Abilities, Weirdness & Mutations

Your spellcasting is much less encumbered by armour.
You can use scrolls of enchantment on lesser artefacts.


Message History

Found a transporter.
The hobgoblin barely misses you.
A gnoll comes into view. It is wielding a +0 club.
You barely miss the hobgoblin.
The gnoll shouts!
The hobgoblin barely misses you.
You hit the hobgoblin but do no damage.
A gnoll comes into view. It is wielding a +0 halberd.
You hit Ijyb.
Ijyb is moderately wounded.
A gnoll comes into view. It is wielding a +0 club.
Press: ? - help, v - describe, . - travel
Here: Ijyb, wielding a +0 club, wearing a +0 leather armour and carrying a wand of flame (moderately wounded, haloed)
The floor, spattered with blood.
Unknown command.
Unknown command.
A gnoll comes into view. It is wielding a +0 flail.
The gnoll shouts!
Ijyb attacks as she pursues you! Ijyb hits you with a +0 club.
You take 2 damage, and have 24/26 hp.
Ijyb zaps a wand.
The puff of flame hits you!
You see here 11 gold pieces.
You take 9 damage, and have 15/26 hp.
MASSIVE DAMAGE!!
Okay, then.
You closely miss Ijyb.
Ijyb is moderately wounded.
Ijyb hits you with a +0 club.
You take 4 damage, and have 12/26 hp.
You hit Ijyb but do no damage.
Ijyb is moderately wounded.
Ijyb hits you with a +0 club.
You take 4 damage, and have 8/26 hp.
It was a potion of curing.
You feel better.
Ijyb zaps a wand.
The puff of flame hits you!
* * * LOW HITPOINT WARNING * * *
You take 1 damage, and have 7/26 hp.
It was a potion of resistance.
You feel protected. The hobgoblin barely misses you.
Ijyb hits you with a +0 club!
You die...
Ijyb moans, "Good help so hard to find!"

#.... # ##... #.## #...#
... #...#### #.## ..#
#...##.## ##...## ##..###
##...#.#.###..#..# .......
......###<##.###.####.....#
.....## ##....#..gg.......#
.....†###.###...@#.# .....#
##...#.#.## ##.##gg##.....#
#...##.## #.#...g.##
#...#### #.....###..# #...#
..#### ##.## ##.## .# .©.
#..# .. .# ...#. ##.# .. ..
..#. .# #.# ## #..## . #.g


You could see Ijyb, 3 gnolls and a hobgoblin.

Vanquished Creatures
  A bat (D:1)
  2 endoplasms (D:1)
  2 giant cockroaches (D:1)
  2 goblins (D:1)
  5 hobgoblins
  A kobold (D:1)
  3 ball pythons (D:1)
  A frilled lizard (D:3)
  4 rats (D:1)
21 creatures vanquished.

Notes
Turn   | Place    | Note
-------+----------+-------------------------------------------
     0 | D:1      | jasper the Mountain Dwarf Monk began the quest for the Orb.
     0 | D:1      | Reached XP level 1. HP: 19/19 MP: 1/1
   133 | D:1      | Reached skill level 4 in Axes
   198 | D:1      | Reached XP level 2. HP: 25/26 MP: 2/2
   602 | D:1      | Found Nitz's Weapon Shoppe.
   855 | D:2      | Noticed Sigmund
   941 | D:3      | Found a transporter.
   945 | D:3      | Reached skill level 5 in Axes
   952 | D:3      | Noticed Ijyb
   953 | D:3      | Found a transporter.
   967 | D:3      | Slain by Ijyb

Illustrated notes

Levels and vault maps discovered:
D:1:      spicycebolla_green_bress_n_ham, layout_basic, serial_corexii_hall,
          corexii_hall_statues_x, corexii_hall_statues_l, serial_shops, shop,
          ebering_dispersal_statue_hall, minivault_24
D:2:      layout_basic, uniq_sigmund, uniq_crazy_yiuf_cottage
D:3:      layout_loops_cross, gammafunk_ghost_stat_death, uniq_robin,
          uniq_grinder, uniq_ijyb

Skill      XL: |  1  2 |
---------------+-------+-----
Axes           | 4 5 |  5.0
Fighting       | |  3.2
Dodging        | |  2.1

Action                     || total
---------------------------++-------
  Melee: Hand axe          ||    55
    Use: Scroll            ||     2
         Potion            ||     2
 Armour: Robe              ||    35
  Dodge: Dodged            ||    27

Table legend: (Time is in decaauts)
 A = Elapsed time spent in this place.
 B = Non-inter-level travel time spent in this place.
 C = Inter-level travel time spent in this place.
 D = Time resting spent in this place.
 E = Time spent auto-exploring this place.
 F = Levels seen in this place.
 G = Mean time per level.
                   A        B        C        D        E       F      G
               +--------+--------+--------+--------+--------+-----+--------+
         Total |    971 |    880 |     91 |      0 |    682 |   3 |  323.7 |
       Dungeon |    971 |    880 |     91 |      0 |    682 |   3 |  323.7 |
               +--------+--------+--------+--------+--------+-----+--------+

Top non-repeatable levels by time:
     D:1: 831 daAuts
     D:2: 92 daAuts
     D:3: 48 daAuts
